 Dungeon Crawl Stone Soup version 0.27-a0-1595-g0b823d0a13 (webtiles) character file.

Game seed: 7074929202887339894

208 Zonian the Conjurer (level 5, -3/21 (25) HPs)
             Began as a Vine Stalker Conjurer on July 21, 2021.
             Was an Initiate of Gozag.
             Killed by nerve-wracking pain
             ... invoked by a shadow imp
             ... summoned by Eustachio
              (8 damage)
             ... on level 3 of the Dungeon.
             The game lasted 00:07:33 (4226 turns).

Zonian the Conjurer (Vine Stalker Conjurer)         Turns: 4226, Time: 00:07:35

HP:   -3/21 (25)    AC:  4    Str:  6    XL:     5   Next: 86%
MP:   0/10          EV: 11    Int: 21    God:    Gozag
Gold: 60            SH:  4    Dex: 19    Spells: 7/10 levels left

rFire    . . .     SeeInvis .   p - +6 spear "Boutoc" {protect, Str-4 Int+3 Dex+6}
rCold    . . .     Faith    .   e - +0 buckler
rNeg     . . .     Spirit   +   a - +0 robe
rPois    .         Reflect  .   (no helmet)
rElec    .         Harm     .   (no cloak)
rCorr    .         Rampage  .   (no gloves)
Will     .....                  f - +1 pair of boots
Stlth    +++.......             (no amulet)
HPRegen  1.07/turn              (no ring)
MPRegen  0.12/turn              (no ring)

@: heavily drained
A: fangs 2, regeneration 1, magic shield, antimagic bite, no potion heal 2
a: Renounce Religion, Potion Petition, Call Merchant, Bribe Branch


You were on level 3 of the Dungeon.
You worshipped Gozag.
Gozag was noncommittal.
You visited 1 branch of the dungeon, and saw 4 of its levels.

You collected 89 gold pieces.
You paid 29 gold pieces to Gozag.

Inventory:

Hand Weapons
 b - a +0 dagger
 c - a +2 antimagic dagger
 d - a +2 vampiric dagger
 g - a +1 hand axe of flaming
 p - the +6 spear "Boutoc" (weapon) {protect, Str-4 Int+3 Dex+6}
   (You took it off a kobold on level 4 of the Dungeon)

   It grants its wielder temporary protection when it strikes (+7 to AC).
   Str:       It affects your strength (-4).
   Int:       It affects your intelligence (+3).
   Dex:       It affects your dexterity (+6).
Missiles
 r - 21 poisoned darts
Armour
 a - a +0 robe (worn)
 e - a +0 buckler (worn)
 f - a +1 pair of boots (worn)
Wands
 l - a wand of flame (11)
Scrolls
 o - a scroll of enchant weapon {unknown}
Potions
 h - 3 potions of brilliance {unknown}
 i - 2 potions of attraction {unknown}
 j - 2 potions of berserk rage {unknown}
 k - a potion of degeneration {unknown}
 m - a potion of curing {unknown}
 n - a potion of magic {unknown}
 q - a potion of mutation {unknown}


   Skills:
 + Level 0.7 Fighting
 - Level 2.0 Short Blades
 + Level 0.0 Polearms
 + Level 1.8 Dodging
 + Level 3.3 Stealth
 + Level 3.2 Spellcasting
 + Level 5.2 Conjurations


You had 7 spell levels left.
You knew the following spells:

 Your Spells              Type           Power      Damage    Failure   Level
a - Magic Dart            Conj           100%       1d8       2%          1
b - Searing Ray           Conj           50%        3d5       3%          2

Your spell library contained the following spells:

 Spells                   Type           Power      Damage    Failure   Level
 Dazzling Flash           Conj/Hex       28%        N/A       22%         3
 Poisonous Vapours        Pois/Air       6%         N/A       32%         2
 Mephitic Cloud           Conj/Pois/Air  10%        N/A       32%         3
 Fulminant Prism          Conj/Hex       7%         3d7       58%         4
 Iskenderun's Mystic Bla  Conj/Tloc      14%        2d5       58%         4
 Freezing Cloud           Conj/Ice/Air   5%         6-21      96%         5


Dungeon Overview and Level Annotations

Branches:
Dungeon (4/15)
 Temple: D:4-7

Altars:
Gozag

Shops:
D:1 !

Annotations:
D:3 Eustachio


Innate Abilities, Weirdness & Mutations

You have extremely sharp teeth.
Your natural rate of healing is unusually fast.
When hurt, damage is shared between your health and your magic reserves.
Your bite disrupts and absorbs the magic of your enemies.
Potions cannot restore your health.


Message History

The searing ray misses Eustachio. (Press . to maintain the ray.)
The bat hits you but does no damage. The quasit closely misses you.
The quasit claws you but does no damage. x2
Eustachio falters for a moment.
The rat twitches its whiskers.
The shadow imp barely misses you.
The searing ray hits Eustachio.
Eustachio is severely wounded.
The searing ray hits the rat!
You kill the rat!
The rat's corpse disappears in a puff of smoke!
You block the bat's attack. The quasit closely misses you.
The quasit barely misses you. x2
Eustachio hits you with a +2 rapier of speed!
The shadow imp hits you. You block the river rat's attack.
The searing ray hits Eustachio.
Eustachio is almost dead.
The bat hits you but does no damage. The bat closely misses you.
The quasit bites you.
The quasit claws you but does no damage. x2
Eustachio hits you with a +2 rapier of speed.
The shadow imp closely misses you.
The river rat bites you but does no damage.
You closely miss Eustachio.
Eustachio is almost dead.
The bat hits you but does no damage.
The quasit bites you but does no damage.
The quasit claws you but does no damage.
The quasit closely misses you.
Eustachio hits you with a +2 rapier of speed.
* * * LOW HITPOINT WARNING * * *
The quasit closely misses you. x2
The quasit claws you but does no damage.
Eustachio gestures wildly while chanting.
Eustachio blinks!
The shadow imp gestures at you. Pain shoots through your body!
You die...
Your body crumbles into a pile of gold.

#.##>....# #....# #..#
###.#..#.#.####....# #..#
###.....##...##......# #..#
......<..#......#....# #..#
>........#.....##....# #..#
....##..........###### #.##
###.........##...#########.#
#............5r5......##.#
##<...#####...ยง@...[...##.#
##....## ###.5.@b.#...##.#
.....## #.>....######.#
.##..# #......######.#####
.#..## #......##.........#
.#..# #########.........#
....# #.........# ...##
#.........# .### #.........#


You could see Eustachio, an iron imp (summoned), a quasit (summoned), a river
rat (summoned), a shadow imp (summoned) and a bat (summoned).

Vanquished Creatures
  2 wights (D:4)
  6 adders
  A worm (D:1)
  A dart slug (D:2)
  An orc (D:2)
  4 endoplasms
  2 giant cockroaches (D:3)
  5 goblins
  5 hobgoblins
  3 jackals (D:1)
  2 quokkas
  10 ball pythons
  10 bats
  3 frilled lizards
  8 kobolds
  2 rats
65 creatures vanquished.

Vanquished Creatures (others)
  19 fungi
  12 plants
31 creatures vanquished.

Grand Total: 96 creatures vanquished

Notes
Turn   | Place    | Note
-------+----------+-------------------------------------------
     0 | D:1      | Zonian the Vine Stalker Conjurer began the quest for the
                  | Orb.
     0 | D:1      | Reached XP level 1. HP: 9/9 MP: 4/4
   271 | D:1      | Reached XP level 2. HP: 7/13 MP: 1/6
   902 | D:1      | Reached XP level 3. HP: 16/16 MP: 3/7
  1441 | D:1      | Found Wasedw Zyixt's Distillery.
  2371 | D:2      | Reached skill level 5 in Conjurations
  2371 | D:2      | Gained mutation: Your natural rate of healing is unusually
                  | fast. [Vine Stalker growth]
  2371 | D:2      | Reached XP level 4. HP: 21/21 MP: 4/8
  2573 | D:2      | Reached skill level 1 in Short Blades
  2662 | D:2      | Found a faded altar of an unknown god.
  3267 | D:3      | Reached XP level 5. HP: 25/25 MP: 10/10
  3414 | D:4      | Learned a level 2 spell: Searing Ray
  3775 | D:4      | Found an opulent altar of Gozag.
  3775 | D:4      | Identified the +6 spear "Boutoc" {protect, Str-4 Int+3
                  | Dex+6}
  3813 | D:4      | Noticed an ogre
  4048 | D:4      | Became a worshipper of Gozag Ym Sagoz the Greedy
  4052 | D:4      | Noticed Eustachio
  4226 | D:3      | Killed from afar by a shadow imp

Illustrated notes

Levels and vault maps discovered:
D:1:      tarquinn_simple_flora_water_d, layout_basic, serial_shops, shop,
          chequers_serial_rivers_small_b, st_stairs_7, moated_statue
D:2:      layout_loops_ring, shapermc_ecumenical_altar_mp_ritualfount,
          minmay_hedge_maze, grunt_ministairs_7
D:3:      layout_rooms, serial_bayou, serial_bayou_shore_b, serial_bayou_pond_c,
          serial_bayou_crossing, serial_bayou_shore_b
D:4:      layout_loops_cross, grunt_temple_overflow_octagram,
          mainiacjoe_overflow_chevrons, minmay_temple_entry_mist,
          minmay_misc_feat_cross, uniq_eustachio

Skill      XL: |  1  2  3  4  5 |
---------------+----------------+-----
Conjurations   | 5 |  5.2
Short Blades   | 1 2 |  2.0
Stealth        | 3 |  3.3
Spellcasting   | 3 |  3.2
Fighting       | |  0.7
Dodging        | |  1.8

Action                   |  1- 3 |  4- 6 || total
-------------------------+-------+-------++-------
Melee: Dagger            |    48 |    28 ||    76
       Unarmed           |     4 |       ||     4
       Bite              |    12 |    11 ||    23
       Spear             |       |     7 ||     7
 Cast: Magic Dart        |    64 |    32 ||    96
       Searing Ray       |       |     5 ||     5
Evoke: Wand              |       |     3 ||     3
  Use: Scroll            |     1 |     3 ||     4
 Stab: Sleeping          |     3 |       ||     3
Armor: Robe              |     7 |    24 ||    31
Dodge: Dodged            |    29 |    36 ||    65
Block: Buckler           |       |    12 ||    12

Table legend: (Time is in decaauts)
 A = Elapsed time spent in this place.
 B = Non-inter-level travel time spent in this place.
 C = Inter-level travel time spent in this place.
 D = Time resting spent in this place.
 E = Time spent auto-exploring this place.
 F = Levels seen in this place.
 G = Mean time per level.
                   A        B        C        D        E       F      G
               +--------+--------+--------+--------+--------+-----+--------+
         Total |   4251 |   4133 |    118 |   1121 |   2402 |   4 | 1062.8 |
       Dungeon |   4251 |   4133 |    118 |   1121 |   2402 |   4 | 1062.8 |
               +--------+--------+--------+--------+--------+-----+--------+

Top non-repeatable levels by time:
     D:1: 1948 daAuts
     D:2: 920 daAuts
     D:3: 909 daAuts
     D:4: 473 daAuts
